 Dungeon Crawl Stone Soup version 0.23-a0-619-g281719c (webtiles) character file.

430 Knaves the Chopper (level 6, -4/56 HPs)
             Began as a Minotaur Berserker on Dec 22, 2018.
             Was a Priest of Trog.
             Slain by a hornet zombie (7 damage)
             ... in an ossuary.
             The game lasted 00:11:44 (3935 turns).

Knaves the Chopper (Minotaur Berserker)             Turns: 3935, Time: 00:11:44

Health: -4/56      AC:  8    Str: 22    XL:     6   Next: 66%
Magic:  5/5        EV: 11    Int:  4    God:    Trog [***...]
Gold:   203        SH:  0    Dex: 11    Spells: 5/5 levels left

rFire    . . .     SeeInvis .   a - +0 hand axe
rCold    . . .     Gourm    .   (no shield)
rNeg     . . .     Faith    .   u - +0 scale mail
rPois    .         Spirit   .   (helmet restricted)
rElec    .         Reflect  .   x - scarf {repulsion}
rCorr    .         Harm     .   J - +0 pair of gloves
MR       ++...                  (no boots)
Stlth    ..........             (no amulet)
HPRegen  1.18/turn              (no ring)
MPRegen  0.09/turn              (no ring)

@: berserk cooldown, regenerating, slowed, repel missiles, very slow
A: retaliatory headbutt, horns 2
a: Berserk, Trog's Hand, Renounce Religion


You were in an ossuary.
You worshipped Trog.
Trog was most pleased with you.
You were very hungry.

You visited 1 branch of the dungeon, and saw 4 of its levels.
You also visited: Ossuary.

You collected 203 gold pieces.

Inventory:

Hand Weapons
 a - a +0 hand axe (weapon)
 c - a +1 vampiric dagger
 f - a cursed -3 hunting sling
Missiles
 i - 70 stones (quivered)
 k - 4 poisoned javelins
 s - 2 javelins
 w - 29 sling bullets
 A - 21 poisoned needles
 K - 7 tomahawks of returning
Armour
 l - a +0 cloak
 u - a +0 scale mail (worn)
 x - a scarf of repulsion (worn)
 F - a +0 shield
 J - a +0 pair of gloves (worn)
Jewellery
 j - an uncursed amulet of rage {unknown}
 p - a +2 ring of dexterity {unknown}
 y - a cursed ring of attention {unknown}
 B - an uncursed amulet of magic regeneration {unknown}
Scrolls
 g - 2 scrolls of enchant weapon {unknown}
 h - a scroll of blinking {unknown}
 m - 2 scrolls of teleportation {unknown}
 o - a scroll of remove curse {unknown}
 r - 2 scrolls of fog {unknown}
 t - a scroll of magic mapping {unknown}
 v - a scroll of enchant armour {unknown}
 D - a scroll of identify {unknown}
 G - a scroll of amnesia {unknown}
 I - a scroll of fear {unknown}
Potions
 b - a potion of curing {unknown}
 d - 2 potions of mutation {unknown}
 e - a potion of magic {unknown}
 n - 2 potions of haste {unknown}
 q - 2 potions of heal wounds {unknown}
 z - a potion of agility {unknown}
 E - a potion of cancellation {unknown}
 H - a potion of resistance {unknown}
Comestibles
 C - 4 rations
 L - 2 chunks of flesh


   Skills:
 + Level 5.1 Fighting
 * Level 6.0 Axes
 + Level 2.0 Throwing
 + Level 4.1 Armour
 + Level 3.9 Dodging


You had 5 spell levels left.
You didn't know any spells.
Your spell library was empty.

Dungeon Overview and Level Annotations

Branches:
Dungeon (4/15)
 Temple: D:4-7

Altars:
Ashenzari
Vehumet

Annotations:
D:3 1 runed door, everene's ghost, amateur MfFi


Innate Abilities, Weirdness & Mutations

You reflexively headbutt those who attack you in melee.
You have a pair of horns on your head.


Message History

The bog mummy hits you!
* * * LOW HITPOINT WARNING * * *
You barely miss the bog mummy. Your headbutt misses the bog mummy.
The bog mummy is moderately damaged.
Your skin stops crawling.
You feel less resistant to hostile enchantments.
You feel yourself speed up.
There is an empty arch of ancient stone here.
You hit the bog mummy but do no damage.
The bog mummy is moderately damaged.
The bog mummy points at you and mumbles some strange words.
You feel yourself slow down. The hornet zombie hits you.
* * * LOW HITPOINT WARNING * * *
Your skin crawls.
You feel resistant to hostile enchantments.
You are feeling very hungry.
The hornet zombie closely misses you. The bog mummy hits you.
* * * LOW HITPOINT WARNING * * *
The adder zombie misses you. The hornet zombie hits you!
You die...

## #( ##'
(.
###.#####
#.'(#Z..#
#.'M@.#
+.#Z.∩#
#.#####
+M #Z ZZ
≈. ..


You could see a bog mummy, an adder zombie and a hornet zombie.

Vanquished Creatures
  An iguana (D:4)
  2 orc wizards (D:3)
  A worker ant (D:4)
  A hound zombie (Ossuary)
  5 mummies (Ossuary)
  A worker ant zombie (Ossuary)
  A howler monkey zombie (Ossuary)
  4 gnolls
  6 adders
  An ooze (D:4)
  2 adder zombies (Ossuary)
  A worm (D:1)
  A dart slug (D:1)
  2 leopard geckos
  4 orcs (D:3)
  12 bats
  5 giant cockroaches
  16 goblins
  8 hobgoblins
  2 jackals (D:3)
  2 quokkas
  8 frilled lizards
  11 kobolds
  11 rats
108 creatures vanquished.

Notes
Turn   | Place    | Note
-------+----------+-------------------------------------------
     0 | D:1      | Knaves the Minotaur Berserker began the quest for the Orb.
     0 | D:1      | Reached XP level 1. HP: 19/19 MP: 0/0
   216 | D:1      | Reached XP level 2. HP: 25/27 MP: 1/1
   364 | D:1      | HP: 1/27 [kobold/+0 whip (8)]
   391 | D:1      | Reached skill level 4 in Axes
   448 | D:1      | HP: 1/40 [hobgoblin/+0 club (4)]
   450 | D:1      | Reached ** piety under Trog
   756 | D:1      | Reached XP level 3. HP: 33/33 MP: 2/2
  1270 | D:1      | Reached XP level 4. HP: 18/41 MP: 3/3
  2470 | D:3      | Found a runed door.
  2472 | D:3      | Noticed everene's ghost (amateur MfFi)
  2591 | D:3      | Reached *** piety under Trog
  2806 | D:3      | Reached XP level 5. HP: 47/47 MP: 4/4
  2848 | D:3      | Found a shattered altar of Ashenzari.
  2906 | D:3      | Reached skill level 5 in Axes
  2909 | D:3      | Found a radiant altar of Vehumet.
  3161 | D:3      | Reached skill level 1 in Throwing
  3824 | D:4      | Reached XP level 6. HP: 48/55 MP: 5/5
  3841 | D:4      | Reached skill level 5 in Fighting
  3862 | D:4      | Found a sand-covered staircase.
  3868 | Ossuary  | Entered an ossuary
  3921 | Ossuary  | Reached skill level 6 in Axes
  3935 | Ossuary  | Slain by a hornet zombie

Vault maps used:
D:1:      mushboom_english_gardens
D:2:      bh_chokoban, minmay_fractal_squares_5
D:3:      vehumet_crystals, ebering_ghost_reflecting_pool,
          cheibrodos_ashenzari_chains
D:4:      kennysheep_goblin_castle, lemuel_doored_altar,
          nicolae_gozag_zags_fifth_avenue,
          nicolae_ossuary_entry_false_entrances, dk_noncrumbling_2
Ossuary:  ossuary_zaba_flooded

Skill      XL: |  1  2  3  4  5  6 |
---------------+-------------------+-----
Fighting       | 4 5 |  5.1
Axes           | 4 5 6 |  6.0
Armour         | 3 4 |  4.1
Dodging        | 3 |  3.9
Throwing       | 1 2 |  2.0

Action                   |  1- 3 |  4- 6 || total
-------------------------+-------+-------++-------
Melee: Hand axe          |    85 |   153 ||   238
       Headbutt          |     7 |    24 ||    31
Throw: Stone             |    15 |   132 ||   147
Invok: Berserk           |     3 |     3 ||     6
       Trog's Hand       |       |     2 ||     2
  Eat: Ration            |     1 |     1 ||     2
       Chunk             |       |     8 ||     8
Armor: Animal skin       |    28 |       ||    28
       Scale mail        |       |    47 ||    47
Dodge: Dodged            |    58 |   100 ||   158
       Deflected         |       |     4 ||     4

Table legend:
 A = Non-vault XP
 B = Vault XP
 C = Vault XP percentage of total XP
 D = Non-vault monster count
 E = Vault monster count
 F = Vault count percentage of total count
                 A         B        C        D         E       F
            +---------+---------+-------+---------+---------+-------
      Total |     415 |     200 |  32.5 |      92 |      16 |  14.8
            +---------+---------+-------+---------+---------+-------
        D:1 |      71 |      13 |  15.5 |      34 |       1 |   2.9
        D:2 |      38 |       9 |  19.1 |      17 |       5 |  22.7
        D:3 |     211 |       0 |   0.0 |      36 |       0 |   0.0
        D:4 |      95 |       0 |   0.0 |       5 |       0 |   0.0
    Ossuary |       0 |     178 | 100.0 |       0 |      10 | 100.0
            +---------+---------+-------+---------+---------+-------
